[Event "10th Cherry Blossom Classic 2023"]
[Site "Dulles"]
[Date "2023.05.28"]
[Round "6.13"]
[White "Kiewra, Keaton"]
[Black "Chabris, Christopher"]
[Result "1/2-1/2"]
[ECO "A25"]
[WhiteElo "2352"]
[BlackElo "2053"]
[Annotator "TA"]
[PlyCount "73"]
[EventDate "2023.05.24"]
[EventType "swiss"]
[EventCountry "USA"]
[SourceTitle "playchess.com"]
[Source "ChessBase"]
[SourceQuality "1"]
[TimeControl "5400+30"]

1. c4 e5 2. g3 Nf6 3. Bg2 Nc6 4. Nc3 Bb4 5. Nd5 O-O 6. Nxb4 {[%emt 0:00:51] A25: English Opening vs King's Indian with ...Nc6 but without early d3.} Nxb4 7. d4 exd4 {[%emt 0:11:01] next ...c5 is good for Black.} 8. a3 $1 Nc6 9. Nf3 d5 10. Nxd4 Nxd4 11. Qxd4 dxc4 12. Qxc4 {[%emt 0:00:15] [#]} Be6 $146 ({Predecessor:} 12... c6 13. O-O Be6 14. Qh4 Qa5 15. Bg5 Nd7 16. b4 Qb5 17. Be4 f5 18. Bd3 Qe5 19. Bc4 Nb6 20. Bf4 Qf6 {½-½ Horvath,R (1872)-Deak,L (1959) HUN-chT2 Szechenyi 1213 2012 (10.5)}) 13. Qc3 Bd5 14. f3 Re8 15. Kf2 $2 {[%emt 0:02:30] [#]} (15. e4 $16) 15... Ng4+ $1 $17 16. Kf1 {[%emt 0:04:55] [#]} (16. fxg4 $17 Bxg2 17. Re1 (17. Kxg2 $2 {too greedy.} Rxe2+ 18. Kh3 Qd5 $19)) (16. Ke1 Bc6) 16... Bc4 $1 {[%emt 0:06:00][%mdl 576] Back Rank} 17. Bf4 Bxe2+ 18. Kg1 c6 {[%emt 0:05:42] ( -> ...Qb6+)} 19. Rc1 (19. b4 {was worth a try.} Nf6 20. Bg5) 19... Nf6 $19 20. Qc5 b6 21. Qf2 (21. Qd6 $142) 21... Qd3 22. Re1 {[%emt 0:02:51] White is weak on the light squares} Rad8 23. h4 Nh5 (23... Nd5 $19 {White must now prevent ...Nxf4.} 24. Bg5 f6) 24. Bc1 Bd1 (24... c5 $17 25. g4 Nf6) 25. Kh2 $15 Bb3 (25... Rxe1 {simplifies} 26. Rxe1 c5 27. Qe3 Qxe3 28. Rxe3 Nf6) 26. Rxe8+ Rxe8 27. Re1 Qd7 28. Qd4 {[%emt 0:02:13][%mdl 64] Deflection, Back Rank} Bd5 (28... Qxd4 $2 29. Rxe8#) (28... Qc8 $15 29. Bh3 Qa8 30. Rxe8+ Qxe8) 29. Qg4 $11 {[%emt 0:00:08] The position is equal.} f5 30. Rxe8+ (30. Qxh5 $2 {is the wrong capture.} Rxe1 31. Qg5 Re2 $19) 30... Qxe8 31. Qxf5 Nxg3 {[%emt 0:00:53][%mdl 64] Decoy} 32. Kxg3 Qe1+ 33. Kh2 $1 {[%emt 0:00:07] And now Qf4 would win.} Qxc1 34. Qc8+ Kf7 {[%emt 0:00:05] Strongly threatening ...Qf4+.} 35. Qf5+ Kg8 36. Qc8+ Kf7 {[%emt 0:00:05] ...Qf4+ is the strong threat.} 37. Qf5+ {[%emt 0:08:03] And White is the lucky defender. A fantastic game!   Weighted Error Value: White=0.26 (precise) /Black=0.25 (precise)} 1/2-1/2

[Event "10th Cherry Blossom Classic 2023"]
[Site "Dulles"]
[Date "2023.05.28"]
[Round "6.14"]
[White "Prabhu, Naveen"]
[Black "Slate, Kent"]
[Result "1/2-1/2"]
[ECO "B31"]
[WhiteElo "2138"]
[BlackElo "1989"]
[Annotator "TA"]
[PlyCount "140"]
[EventDate "2023.05.24"]
[EventType "swiss"]
[EventCountry "USA"]
[SourceTitle "playchess.com"]
[Source "ChessBase"]
[SourceQuality "1"]
[TimeControl "5400+30"]

1. e4 c5 2. Nf3 Nc6 3. Bb5 g6 4. Bxc6 dxc6 5. d3 Bg7 6. h3 Nf6 7. O-O O-O 8. Nc3 b6 9. Be3 e5 10. Qd2 Qd6 11. Bh6 Nh5 12. Bxg7 Nxg7 13. Ne2 {[%emt 0:02:21] B31: Sicilian: 2...Nc6 3 Bb5 g6.} f6 {[%emt 0:01:31] [#]} 14. b3 $146 ({Predecessor:} 14. Rad1 a5 15. Nh2 g5 16. Ng4 Bxg4 17. hxg4 h5 18. gxh5 Nxh5 19. g3 Qe6 20. Kg2 {½-½ Vogt,L (2484)-Shirov,A (2705) Mainz Ordix op rapid 2005 (9)}) 14... a5 15. a4 Ne6 16. Nh2 Ra7 17. Rae1 Re7 18. Kh1 Kg7 19. f4 exf4 20. Nxf4 Nd4 21. g4 Ne6 22. Nxe6+ Bxe6 23. Rf2 (23. Kg2 {feels hotter.} Ree8 24. Rf3 Qe5 25. Ref1) 23... Qe5 (23... h5 {looks sharper.} 24. gxh5 Rh8 25. hxg6 Qe5) 24. Rg1 Kh8 25. Nf3 Qd6 26. Qc3 Qf4 27. Rgf1 {[%emt 0:02:03] [#] Threatens to win with Ng1.} Ref7 28. Nh2 Qg5 29. Rf4 Kg8 30. Qe1 Qe5 31. Qe3 Qc3 32. R4f2 b5 33. Qf4 c4 34. Qd6 cxb3 $2 (34... Bd7 $11) 35. Qxe6 $18 bxc2 36. Rc1 (36. Rxf6 $2 Qxf6 37. Rxf6 c1=Q+ 38. Rf1 Qb2 39. axb5 cxb5 $19) 36... bxa4 37. Rfxc2 ({Don't do} 37. Rcxc2 Qxd3 38. Kg2 (38. Rxc6 Qb3 $18) (38. Qxc6 Qxh3 39. Rc3 Qh4 $16) 38... Qd7) 37... Qxd3 38. Rc3 Qb5 39. Qxc6 (39. Nf3 $18) 39... Rb8 40. Qxb5 Rxb5 41. Ra3 Rb4 42. Rca1 Rxe4 43. Rxa4 Re3 44. R4a3 (44. Kg2 $142) 44... Rfe7 $16 45. Rxe3 Rxe3 {[%emt 0:00:06][%mdl 4096] Endgame KRN-KR} 46. Kg2 {[%emt 0:00:03] Hoping for Nf3.} Re5 47. Nf3 Rd5 48. Ra4 h5 49. gxh5 Rxh5 50. Nd2 Rb5 51. Ra2 g5 52. Nc4 Kg7 53. Rxa5 ({Better is} 53. Nxa5 $14 g4 54. hxg4) 53... Rxa5 $11 {[%emt 0:05:10] The position is equal.} 54. Nxa5 $14 {[%emt 0:00:01] KN-KPP} f5 55. Nc4 Kg6 56. Ne3 Kf6 $1 57. Kf2 Kg6 58. Ng2 Kf6 59. Ke3 Ke5 60. Ne1 Kf6 61. Kd4 Kg6 62. Ng2 Kh5 63. Ke3 Kg6 64. Ne1 Kh5 65. Ng2 Kg6 66. Kd4 Kh5 67. Ke5 f4 68. Ke4 {[%emt 0:00:49] [#] Kf3 would kill now.} (68. Kf5 $5) 68... g4 69. Nxf4+ Kh4 70. hxg4 Kxg4 {[%emt 0:00:07] White really could win this.   Weighted Error Value: White=0.12 (very precise) /Black=0.15 (very precise)} 1/2-1/2

[Event "10th Cherry Blossom Classic 2023"]
[Site "Dulles"]
[Date "2023.05.28"]
[Round "6.15"]
[White "Altman, Joshua"]
[Black "Kanli, Alperen"]
[Result "1-0"]
[ECO "D38"]
[WhiteElo "2120"]
[BlackElo "2111"]
[Annotator "TA"]
[PlyCount "79"]
[EventDate "2023.05.24"]
[EventType "swiss"]
[EventCountry "USA"]
[SourceTitle "playchess.com"]
[Source "ChessBase"]
[SourceQuality "1"]
[TimeControl "5400+30"]

1. d4 Nf6 2. c4 e6 3. Nf3 d5 4. cxd5 exd5 5. Nc3 Bb4 6. Bg5 h6 7. Bh4 g5 8. Bg3 Ne4 9. Nd2 Nxg3 10. hxg3 c5 {[%emt 0:00:13] D38: Queen's Gambit Declined: Ragozin Defence (4 Nf3 Bb4).} 11. a3 Bxc3 12. bxc3 Nc6 {[%emt 0:03:28] White has an edge.} 13. e3 {[%emt 0:03:31] [#]} c4 $146 (13... Qd6 $11) ({Predecessor:} 13... Bf5 14. Qb3 Qd6 15. dxc5 {½-½ Timoscenko,G (2530)-Horvath,P (2463) AUT-chT2M 0304 2003 (2.1)}) 14. e4 $1 $16 Be6 15. exd5 Bxd5 16. Nxc4 (16. Bxc4 Bxg2 17. Rh2 Bd5 $16) 16... Qc7 17. Ne3 O-O-O 18. Be2 Be4 19. O-O f5 20. Bf3 Bxf3 21. Qxf3 Rdf8 22. Nd5 (22. Nxf5 $6 Qd7) 22... Qd7 {[%emt 0:02:50] [#]} 23. Nb4 $1 Rf6 (23... Kb8 $142 24. Rfe1 Rf6) 24. d5 $18 Ne7 25. c4 a5 (25... h5 $142 26. Qe3 h4) 26. Nd3 h5 27. Rab1 Qd6 {[%emt 0:02:54] Repels Nc5} 28. Qe3 h4 29. c5 Qd8 30. c6 {[%emt 0:01:12] White threatens Qa7 and mate.} b6 31. Qxb6 $2 ({Weaker is} 31. Rxb6 Nxd5 32. c7 Qxc7 $11) ({Less strong is} 31. Qxg5 Rfh6 $18) (31. Ne5 hxg3 32. Rfd1 (32. Qxg3 $2 Rfh6 $19) (32. Rxb6 $2 Rh1+ {[%mdl 64] Skewer, Decoy, Clearance} 33. Kxh1 Qh8+ 34. Kg1 Qh2#) 32... Nxd5 33. Rxd5 (33. Qxg5 Qf8 $15) (33. Qxg3 $2 Rfh6 $19) 33... Rh1+ {[%mdl 64] Decoy} 34. Kxh1 Qh8+ 35. Kg1 Qh2+ 36. Kf1 Qh1+ 37. Ke2 Qxb1 38. fxg3 (38. Qxg5 $2 Qe4+ 39. Qe3 Qxd5 $19)) 31... Qxb6 32. Rxb6 {[%emt 0:00:01] Rfb1 is the strong threat.} Nxd5 {[%emt 0:00:01] [#]} 33. Ra6 {[%emt 0:00:34] Hoping for Ra8+.} Nc7 {[%emt 0:00:01] Wards off Ra8+} 34. Rxa5 Rxc6 35. Rxf5 Rc3 36. Ne5 {[%emt 0:00:46] aiming for Nf7.} hxg3 37. fxg3 ({Resist} 37. Rxg5 $6 gxf2+ 38. Kxf2 Ne6 $16) 37... Ne6 38. Nf7 Rg8 39. Nd6+ Kd7 $2 (39... Kd8 40. Re1 Nc7) 40. Ne4 {[%emt 0:00:02] Weighted Error Value: White=0.34/Black=0.56} 1-0

[Event "10th Cherry Blossom Classic 2023"]
[Site "Dulles"]
[Date "2023.05.28"]
[Round "6.16"]
[White "Roselli Mailhe, Bernardo"]
[Black "Slade, Theodore"]
[Result "1-0"]
[ECO "D50"]
[WhiteElo "2380"]
[BlackElo "2021"]
[Annotator "TA"]
[PlyCount "107"]
[EventDate "2023.05.24"]
[EventType "swiss"]
[EventCountry "USA"]
[SourceTitle "playchess.com"]
[Source "ChessBase"]
[SourceQuality "1"]
[TimeControl "5400+30"]

1. d4 Nf6 2. c4 e6 3. Nf3 d5 4. Nc3 c5 5. cxd5 cxd4 6. Qxd4 exd5 7. Bg5 Be7 8. e3 O-O {[%emt 0:02:29] D50: Queen's Gambit Declined: Dutch-Peruvian Gambit.} 9. Be2 Nc6 10. Qd1 h6 {[%emt 0:00:00] The position is equal.} 11. Bh4 {[%emt 0:00:10][%cal Bg5h4,Bh4g3,Bg3e5,Be5c3][%mdl 32] [#]} Bg4 $146 ({Predecessor:} 11... Be6 12. O-O Rc8 13. a3 Ne4 14. Bxe7 Nxe7 15. Nxe4 dxe4 16. Nd4 Bd5 17. Qd2 Qb6 {1-0 Mamedyarov,S (2767)-Vidit,S (2727) Wch Blitz Warsaw 2021 (5)}) 12. O-O Bxf3 13. Bxf3 d4 $1 14. exd4 Qxd4 15. Bg3 Qb4 16. Bxc6 bxc6 17. Qc2 Nd5 18. Be5 f6 19. Nxd5 cxd5 20. Bc3 Qc4 21. Rfd1 Rac8 (21... Bc5 $14) 22. Qf5 $36 {[%emt 0:02:22][%mdl 2048] Black is under strong pressure.} Rfd8 23. Rd4 {[%emt 0:05:04] Prevents Qe4.} Qb5 24. Rad1 Rc5 25. h4 Qd7 26. Qg6 ({Better is} 26. Qf3 $16) 26... Bf8 (26... Bd6 $14) 27. Qd3 {[%emt 0:10:56] White has more active pieces.} Qf7 28. g3 a5 29. Qf3 Rb5 (29... Qd7 $16) 30. Kg2 ({White should try} 30. a4 $1 $18 Rc5 31. b4 axb4 32. Bxb4) 30... Rc5 31. Ra4 Qc7 32. Rg4 Kh8 {[%emt 0:00:25] [#] This move loses the game for Black.} (32... Kf7 $16) 33. Bxf6 $1 $18 {[%emt 0:02:10][%mdl 64] Demolition} gxf6 (33... Rd7 {was necessary.}) 34. Qxf6+ Bg7 {[%emt 0:00:05] [#]} 35. Rxg7 {[%emt 0:00:10][%mdl 576] Deflection} Qxg7 (35... Rc6 36. Qxh6+) 36. Qxd8+ Kh7 37. Rxd5 Rxd5 (37... Qb7 $18 38. Qd7+ Qxd7 39. Rxd7+ Kg6 40. Rd6+ Kg7) 38. Qxd5 {[%emt 0:00:05] White mates.} Qxb2 39. Qxa5 {[%emt 0:00:20] KQ-KQ} Qb7+ 40. Kh2 Qf7 41. Qd2 Qa7 42. Qc2+ Kg7 43. a4 Qa5 44. Qc6 Qa7 45. Kg2 Kh7 46. Qe4+ Kg7 47. Qe5+ Kh7 48. a5 Qb7+ 49. Kg1 Qb1+ {[%emt 0:00:18] [#]} 50. Kh2 $1 Qf1 51. Qc5 Kg7 52. Qb6 Qe2 53. a6 Qf3 54. Qb7+ {[%emt 0:00:15] Weighted Error Value: White=0.08 (flawless) /Black=0.41} 1-0

[Event "10th Cherry Blossom Classic 2023"]
[Site "Dulles"]
[Date "2023.05.28"]
[Round "6.17"]
[White "Aripov, Iskandar"]
[Black "Diao, Matthew Guo"]
[Result "0-1"]
[ECO "D45"]
[WhiteElo "2211"]
[BlackElo "1973"]
[Annotator "TA"]
[PlyCount "114"]
[EventDate "2023.05.24"]
[EventType "swiss"]
[EventCountry "USA"]
[SourceTitle "playchess.com"]
[Source "ChessBase"]
[SourceQuality "1"]
[TimeControl "5400+30"]

1. d4 d5 2. c4 c6 3. Nf3 Nf6 4. e3 e6 5. Nc3 Nbd7 6. Qc2 Bd6 7. g4 h6 8. Rg1 {[%emt 0:00:45] 8.Rg1 is better than 8.Bd2.} e5 {[%emt 0:42:33] D45: Semi-Slav: 5 e3.} 9. h4 exd4 $1 10. exd4 Qe7+ {[%emt 0:03:55] [#] Black is slightly better.} 11. Qe2 $146 ({Predecessor:} 11. Kd1 Ne4 12. cxd5 Nxc3+ 13. bxc3 Nf6 14. dxc6 Bxg4 15. Rxg4 Nxg4 16. cxb7 Qxb7 17. Qe2+ {½-½ Reichert,T (2378)-Menendez Rodriguez,G (2383) WLS/SRCCC/21/D2 2021 [1]}) 11... Qxe2+ 12. Bxe2 dxc4 13. g5 hxg5 14. hxg5 ({Reject} 14. Rxg5 Kf8 15. Be3 Nb6 $17) 14... Nd5 15. Bxc4 Nxc3 (15... N7b6 {is more complex.} 16. Bb3 Rh3 17. Ke2 Be6) 16. bxc3 Nb6 17. Bb3 Bf5 (17... Rh3 {seems wilder.} 18. Ke2 Bf5 19. Be3 Nd5) 18. c4 (18. Be3 $11) 18... Bb4+ ({Black should play} 18... Rh3 $17 19. c5 Rxf3 20. cxd6 Kd7 21. Bxf7 Rh8) 19. Ke2 {[%emt 0:02:42] White is weak on the light squares} (19. Bd2 $11 Ba3 20. Bc1 Bxc1 21. Rxc1) 19... Bc3 $36 {[%emt 0:00:39][%mdl 2048] Black is really pushing.} 20. Be3 Bxa1 21. Rxa1 O-O-O 22. Ne5 Be6 23. Rc1 Rhe8 24. d5 {[%emt 0:02:31] [#]} (24. a4 $17 {was worth a try.}) 24... Bxd5 $1 {[%emt 0:00:58][%mdl 64] Discovered Attack} 25. cxd5 Rxe5 26. dxc6 bxc6 27. Bxf7 Kb7 28. g6 (28. Rb1 $17) 28... Nd5 29. Rh1 Nf6 {[%emt 0:02:01] Prevents Rh7.} 30. Rb1+ Rb5 31. Rxb5+ cxb5 $17 {[%emt 0:00:01][%mdl 4096] Endgame KRN-KB} 32. Bc5 ({Better is} 32. Bg5 Rd6 33. Bf4) 32... Rc8 (32... Ng8 $17 33. Kf3 Nh6) 33. Be7 (33. Bd4 $15 Rc6 34. f4) 33... Nh5 ({Black should try} 33... Ng4 $17 34. Kf3 Nh6 35. Bd5+ Kc7) 34. Kf3 $1 $15 Rc7 35. Bg5 {[%emt 0:01:44] Strongly threatening Kg4.} Rc8 36. Kg4 Rh8 37. Kf5 Kc6 38. Ke6 a5 39. f4 (39. Ke7 $15) 39... Kc5 (39... b4 $17 {Threatens to win with ...a4.} 40. Kf5 Kd6) 40. Be7+ (40. f5 $11) 40... Kd4 $17 41. f5 {[%emt 0:00:12] [#]} Rb8 (41... Ra8 $1 $17 {And now ...b4 would win.} 42. f6 Ra6+ 43. Kf5 Nxf6) 42. Bd6 (42. f6 $11) 42... Rb7 {[%emt 0:00:33] Black converts the advantage convincingly.} 43. Be5+ Ke4 {[%emt 0:00:13] White must now prevent ...Rb6+.} 44. Bxg7 $2 Nxg7+ 45. Kf6 Nxf5 {[%emt 0:00:06] ( -> ...a4)} 46. Be6 Rb6 {[%emt 0:00:32] Black mates.} 47. Kf7 Nh6+ 48. Kf6 Rxe6+ 49. Kxe6 {[%emt 0:00:05] KN-KPP} b4 50. g7 a4 51. Kf6 b3 52. axb3 axb3 {[%emt 0:00:08] KN-KP} 53. Kg5 Ng8 54. Kg6 b2 55. Kf7 Nh6+ ({Weaker is} 55... b1=B 56. Kxg8 Ba2+ 57. Kh8 $11) 56. Kg6 Nf5 ({And not} 56... b1=B 57. Kxh6 Ba2 58. Kh7 $11) 57. g8=Q Ne7+ {[%emt 0:00:04] Weighted Error Value: White=0.56/Black=0.39} (57... b1=B 58. Kf6 Bd3 59. Qe6+ Kf4 60. Qd7 $18) 0-1

[Event "10th Cherry Blossom Classic 2023"]
[Site "Dulles"]
[Date "2023.05.28"]
[Round "6.18"]
[White "ADU, Oladapo"]
[Black "Laddha, Yash Jayesh"]
[Result "1-0"]
[ECO "A07"]
[WhiteElo "2081"]
[BlackElo "2195"]
[Annotator "TA"]
[PlyCount "65"]
[EventDate "2023.05.24"]
[EventType "swiss"]
[EventCountry "USA"]
[SourceTitle "playchess.com"]
[Source "ChessBase"]
[SourceQuality "1"]
[TimeControl "5400+30"]

1. Nf3 d5 2. g3 Nd7 3. Bg2 e5 4. d3 Ngf6 5. O-O Bc5 6. Bg5 {[%emt 0:00:00][%cal Of3e5] A07: Réti Opening: New York and Capablanca Systems.} h6 7. Bxf6 {[%emt 0:00:00] [#]} Nxf6 $146 ({Predecessor:} 7... Qxf6 8. Nc3 c6 9. e4 d4 10. Ne2 Nf8 11. Nd2 Ng6 12. f4 O-O 13. f5 Ne7 14. Nf3 Qd6 15. g4 f6 16. Ng3 Rf7 17. h4 {½-½ Saifuddin,F (2119)-Abdullah,M (1758) Surabaya Zindgani Cup op 2018 (6)}) 8. Nc3 {[%emt 0:00:00] The position is equal.} Qe7 9. Nd2 c6 10. e4 dxe4 11. Ndxe4 Nxe4 12. Nxe4 Bb6 13. a4 a5 14. c3 O-O 15. Kh1 Be6 16. f4 f5 17. Nd2 exf4 18. gxf4 Bc7 $1 19. d4 (19. Nc4 $17) 19... g5 (19... Rae8 $1 $19 20. b3 g5) 20. Qh5 Kg7 {[%emt 0:03:40] Wards off Qg6+} (20... gxf4 $2 21. Qg6+ (21. Qxh6 Rf6 $11) 21... Kh8 22. Qxh6+ Qh7 23. Qxe6 $18) (20... Bxf4 21. Rxf4 gxf4 22. Qg6+ (22. Qxh6 Rf6 $17) 22... Qg7 23. Qxe6+ Kh7 24. Nf3 $18) 21. Rae1 ({Better is} 21. fxg5 Qxg5 22. Qe2) 21... Rae8 ({Don't do} 21... gxf4 22. Bxc6 (22. Rg1 Kh7 $16) 22... Qf7 23. Qe2 $16) ({Black should try} 21... Bxf4 22. d5 Qf7 23. Qxf7+ Bxf7) 22. fxg5 {[%emt 0:00:00] [#]} Qf6 23. Qd1 $4 (23. gxf6+ {mates} Rxf6 24. Qxe8 Rf8 25. Qxe6 Rf6 26. Qe8 Bd6 27. Rg1 Kh7 28. Bd5 Bf8 29. Re7+ {[%mdl 64] Double Attack} Rf7 30. Rxf7+ Kh8 31. Qxf8#) 23... Qxg5 $2 (23... hxg5 $19 24. Nf3 Qh6) 24. Nf3 {[#]} Bf4 25. d5 Qh5 {[#]} 26. Re4 $4 Kh7 $4 (26... fxe4 $19 27. Qd4+ Kg8) 27. Rxe6 $18 {White is clearly winning.} Rxe6 28. dxe6 Rg8 29. e7 {aiming for Qd7.} Re8 30. Qd7 {[%cal Of3h4] Nh4! would be deadly.} Bb8 31. Qxb7 Bf4 32. Qd7 {[%cal Of3h4] Strongly threatening Nh4!} c5 {[#]} 33. Nh4 $1 {[%emt 0:00:00] A fantastic game!   Weighted Error Value: White=0.92/Black=0.77} 1-0

[Event "10th Cherry Blossom Classic 2023"]
[Site "Dulles"]
[Date "2023.05.28"]
[Round "6.19"]
[White "Ismayilova, Khanim"]
[Black "Girsh, Daniel"]
[Result "0-1"]
[ECO "D46"]
[WhiteElo "1562"]
[BlackElo "2123"]
[Annotator "TA"]
[PlyCount "128"]
[EventDate "2023.05.24"]
[EventType "swiss"]
[EventCountry "USA"]
[SourceTitle "playchess.com"]
[Source "ChessBase"]
[SourceQuality "1"]
[TimeControl "5400+30"]

1. c4 e6 2. Nc3 d5 3. e3 Nf6 4. Nf3 Bd6 5. d4 O-O 6. Bd3 Nbd7 7. O-O dxc4 8. Bxc4 c6 9. e4 b5 10. Bd3 e5 11. Bg5 {[%emt 0:01:54] D46: Semi-Slav: 5 e3 Nbd7 6 Bd3, Black avoids the Meran.} h6 12. Bh4 exd4 13. Nxd4 {[%emt 0:00:13] The position is equal.} Ne5 {[%emt 0:00:09] Threatening ...Bc5.} 14. Be2 a6 {[%emt 0:13:04] [#]} (14... g5 $11 15. Bg3 b4 16. Bxe5 {[%mdl 64] Remove Defender} Bxe5 17. Nxc6 Bxh2+ {[%mdl 64] Decoy} 18. Kxh2 Qc7+ 19. e5 bxc3) 15. Bg3 $146 (15. Rc1 $14) ({Predecessor:} 15. Qc2 c5 16. Nf5 Bxf5 17. exf5 Nc6 18. Rad1 Nd4 19. Qd3 Be5 20. f4 Nxe2+ 21. Qxe2 {0-1 Miljkovic,M (2414)-Kharitonov,A (2437) EU-ch U18 Budva 2003 (8)}) 15... b4 16. Bxe5 {[%emt 0:01:14][%mdl 64] Remove Defender} Bxe5 17. Nxc6 {[%emt 0:00:12][%mdl 64] Discovered Attack, Double Attack} Bxh2+ {[%emt 0:00:57][%mdl 64] Decoy} 18. Kxh2 Qc7+ 19. e5 $1 bxc3 20. Qd6 $1 Qxd6 21. exd6 Bb7 (21... cxb2 $11 22. Rab1 Re8 23. Rxb2 Bd7 24. Ne7+ Kf8) 22. Ne7+ $14 Kh8 23. bxc3 Ne4 24. Rab1 (24. Rad1 $16 {Strongly threatening Bf3.} Nxc3 25. Rd2) 24... Ra7 (24... Nxd6 $14 25. Rb6 Rfe8 26. Rxd6 Rxe7) 25. Rb6 $36 {[%emt 0:13:35][%mdl 2048] White is really pushing.} Rd8 26. c4 (26. Rd1 $1 $16) 26... Rxd6 $14 27. Rxd6 Nxd6 28. Rd1 Bxg2 $2 29. c5 $1 $18 Ne4 30. Nc8 Ra8 (30... Rc7) 31. Rd8+ (31. Kxg2 Rxc8 32. Bxa6 Rxc5 $15) 31... Kh7 32. Kxg2 $2 (32. c6) 32... Nxc5 33. Re8 Ne6 34. Nd6 Ra7 (34... Rxe8 {was called for.} 35. Nxe8 Nc5) 35. Nc8 Ra8 36. Bd3+ g6 {[%emt 0:00:06] And now ...Nf4+ would win.} 37. Kf3 {[%emt 0:00:47] Against Nf4} Nc7 (37... Kg7 $16 38. Nd6 Rxe8 39. Nxe8+ Kf8) 38. Rd8 $2 (38. Be4 $1 $18) 38... Ne6 $14 39. Re8 (39. Be4 $14) 39... Nc7 $1 $18 {[%emt 0:00:31] [#]} 40. Bxg6+ $2 Kxg6 {[%emt 0:00:18][%mdl 4096] Endgame KRN-KRN} 41. Ne7+ Kg5 42. Rxa8 Nxa8 $11 {[%emt 0:00:01] KN-KN} 43. Nd5 {[%emt 0:00:17] Wards off Nc7} Kf5 44. Ne7+ Ke6 45. Ng8 (45. Nc6 $15) 45... h5 $19 46. Kf4 a5 $2 (46... f6 $19 {and Black stays clearly on top.} 47. Kg3 Nc7) 47. Kg5 $17 a4 (47... Nb6 $17 {...Na4 would be deadly.} 48. f4 Nd5 49. f5+ Kd6 50. Kxh5 Nc3) 48. Nh6 $2 (48. f4 $11) 48... Nc7 $19 49. Kxh5 Nb5 50. Ng4 Nc3 51. Ne3 Nxa2 52. Nc2 {[%emt 0:01:16] Against Nb4} Kf5 (52... Kd5 $142 53. Kg5 Kc4) 53. Kh6 Ke4 {[%emt 0:00:00] aiming for ...Kd3.} 54. Kg7 f5 55. Kf6 Nc3 56. f3+ Kf4 (56... Kxf3 57. Kxf5 Kg3 58. Ke5 $11) 57. Ke6 Nb1 ({Inferior is} 57... Kxf3 58. Kxf5 Kg3 59. Ke5 $11) (57... Nd1 $142 58. Na3 Ne3) 58. Nb4 a3 {[%emt 0:00:00] Black mates.} ({And not} 58... Kxf3 59. Kxf5 Kf2 60. Ke4 $11) 59. Nd3+ Ke3 60. Nb4 f4 ({Stronger than} 60... Kxf3 61. Kxf5 Kg2 62. Ke4 $11) 61. Ke5 Kxf3 62. Kd4 Ke2 63. Nd3 f3 64. Kc4 a2 {[%emt 0:00:00] Black used his chance.   Weighted Error Value: White=0.97/Black=0.63} 0-1

[Event "10th Cherry Blossom Classic 2023"]
[Site "Dulles"]
[Date "2023.05.28"]
[Round "6.20"]
[White "Brady, Tyson"]
[Black "Ling, Evan"]
[Result "1/2-1/2"]
[ECO "D00"]
[WhiteElo "2092"]
[BlackElo "1952"]
[Annotator "NA RC"]
[PlyCount "66"]
[EventDate "2023.05.24"]
[EventType "swiss"]
[EventCountry "USA"]
[SourceTitle "playchess.com"]
[Source "ChessBase"]
[SourceQuality "1"]
[TimeControl "5400+30"]

1. d4 d5 2. Nc3 Nf6 3. Bf4 e6 4. Nb5 Bb4+ 5. c3 Ba5 6. a4 a6 7. Na3 O-O 8. Nf3 c5 9. dxc5 Ne4 10. Nd2 Nxf2 11. Kxf2 Qf6 12. Nf3 Qxf4 13. g3 Qf6 14. Qd4 Qe7 15. b4 Nc6 16. Qh4 Bd8 17. Qxe7 Bxe7 18. Nd4 Bd7 19. e3 Ne5 20. Nac2 Ng4+ 21. Ke2 a5 22. Bg2 axb4 23. cxb4 Bxa4 24. h3 Nf6 25. Na3 b6 26. cxb6 Nd7 27. Nc4 Rfb8 28. Nb2 Nxb6 29. Nxa4 Nxa4 30. Nc6 Re8 31. Nxe7+ Rxe7 32. e4 Rea7 33. Ke3 Nb6 1/2-1/2

[Event "10th Cherry Blossom Classic 2023"]
[Site "Dulles"]
[Date "2023.05.28"]
[Round "6.21"]
[White "Michelle Catherina, P."]
[Black "Shoykhet, Benjamin"]
[Result "1/2-1/2"]
[ECO "B36"]
[WhiteElo "2193"]
[BlackElo "1919"]
[Annotator "TA"]
[PlyCount "64"]
[EventDate "2023.05.24"]
[EventType "swiss"]
[EventCountry "USA"]
[SourceTitle "playchess.com"]
[Source "ChessBase"]
[SourceQuality "1"]
[TimeControl "5400+30"]

1. e4 c5 2. Nf3 Nc6 3. d4 cxd4 4. Nxd4 g6 5. c4 Nf6 6. Nc3 d6 7. Be2 Nxd4 8. Qxd4 Bg7 9. Be3 O-O 10. Qd2 a5 {[%emt 0:00:20][%cal Ba7a5,Ba5a4][%mdl 32] is the new trend. B36: Sicilian: Maroczy Bind: Gurgenidze System.} 11. f3 a4 12. O-O Qa5 {[%emt 0:00:57] White has an edge.} 13. Rfc1 Be6 14. Rab1 Rfc8 15. b3 axb3 16. axb3 Qb4 17. Rc2 Ra3 18. Nb5 Qxd2 19. Rxd2 Raa8 {[%emt 0:11:19] [#]} 20. Rbd1 $146 ({Predecessor:} 20. Kf2 Nd7 21. Nd4 Nc5 22. b4 Na4 23. Nxe6 fxe6 24. Rb3 Nc3 25. Bd3 Ra1 26. Kg3 {1-0 Svane,R (2649)-Wieczorek,O (2505) Titled Tuesday intern op 07th Jun Late blitz 2022 (6)}) 20... Nd7 21. Nd4 Ra3 22. Rb1 Nc5 {[%emt 0:02:12] aiming for ...Bxd4.} 23. Nxe6 fxe6 24. Bd1 b6 25. Re2 Rca8 26. Bc2 Ra1 27. Rxa1 Rxa1+ 28. Kf2 Bc3 29. f4 Ra3 30. Bc1 (30. Bxc5 $11 {should be considered.} bxc5 31. e5) 30... Ra1 31. Be3 Ra3 32. Bc1 Ra1 {[%emt 0:02:37] Weighted Error Value: White=0.09 (flawless) /Black=0.09 (flawless)} (32... Bd4+ $15 33. Kf3 Ra1) 1/2-1/2

[Event "10th Cherry Blossom Classic 2023"]
[Site "Dulles"]
[Date "2023.05.28"]
[Round "6.22"]
[White "Prem, Pranav"]
[Black "Vinod, Aarush"]
[Result "1-0"]
[ECO "E97"]
[WhiteElo "2061"]
[BlackElo "1914"]
[Annotator "NA RC"]
[PlyCount "65"]
[EventDate "2023.05.24"]
[EventType "swiss"]
[EventCountry "USA"]
[SourceTitle "playchess.com"]
[Source "ChessBase"]
[SourceQuality "1"]
[TimeControl "5400+30"]

1. d4 Nf6 2. c4 g6 3. Nc3 Bg7 4. e4 d6 5. Nf3 O-O 6. Be2 e5 7. O-O Nc6 8. d5 Ne7 9. Nd2 Ne8 10. b4 f5 11. c5 Nf6 12. f3 f4 13. Nc4 g5 14. a4 Ng6 15. a5 h5 16. Bb2 Rf7 17. b5 g4 18. b6 axb6 19. axb6 Rxa1 20. Qxa1 Ne8 21. Qa8 g3 22. h3 Nh4 23. Ra1 cxb6 24. cxd6 Bf8 25. Nb5 Rg7 26. Na7 Nxd6 27. Nxd6 Qxd6 28. Ba3 Qxa3 29. Rxa3 Bc5+ 30. Kf1 Bxa3 31. Qxc8+ Kh7 32. Nb5 Bc5 33. d6 1-0